 Dungeon Crawl Stone Soup version 0.17-a0-1838-g891d947 (webtiles) character file.

520 ololoev the Conjurer (level 7, 43/50 HPs)
             Began as a Pale Draconian Conjurer on Sept 15, 2015.
             Was an Initiate of Vehumet.
             Quit the game on level 4 of the Dungeon.
             The game lasted 00:13:34 (4321 turns).

ololoev the Conjurer (Pale Draconian Conjurer)      Turns: 4321, Time: 00:13:34

Health: 43/50      AC:  7    Str: 10    XL:     7   Next: 1%
Magic:  8/13       EV: 12    Int: 18    God:    Vehumet [......]
Gold:   186        SH:  0    Dex: 11    Spells: 2 memorised, 11 levels left

rFire  . . .     SeeInvis .     y - +2 dagger (venom)
rCold  . . .     Clarity  .     (armour unavailable)
rNeg   . . .     SustAt   .     (no shield)
rPois  .         Gourm    .     (helmet restricted)
rElec  .         Spirit   .     (no cloak)
rCorr  +         Warding  .     (no gloves)
rMut   .         Stasis   .     n - +0 pair of boots
MR     .....                    w - amulet of resist corrosion
Stlth  ++........               (no ring)
                                g - ring of wizardry

@: not resistant to hostile enchantments, unstealthy
A: breathe steam, unfitting armour, cold-blooded, AC +6
a: Breathe Steam, Renounce Religion


Innate Abilities, Weirdness & Mutations

You can breathe blasts of scalding, opaque steam.
Your pale cyan-grey scales are hard (AC +6).
Your body does not fit into most forms of armour.
You are cold-blooded and may be slowed by cold attacks.

Inventory:

Hand weapons
 y - a +2 dagger of venom (weapon)
Armour
 n - a +0 pair of boots (worn)
Jewellery
 g - a ring of wizardry (left hand)
 w - an amulet of resist corrosion (around neck)
Scrolls
 c - 7 scrolls of identify {unknown}
 e - 2 scrolls of teleportation {unknown}
 f - 2 scrolls of enchant weapon {unknown}
 i - a scroll of immolation {unknown}
 k - 2 scrolls of enchant armour {unknown}
 q - 2 scrolls of remove curse {unknown}
 s - a scroll of fear {unknown}
Potions
 d - 2 potions of curing {unknown}
 h - a potion of might {unknown}
 j - a potion of resistance {unknown}
 l - a potion of magic {unknown}
 p - 2 potions of degeneration {unknown}
 r - a potion of brilliance
 u - a potion of haste {unknown}
 v - 2 potions of poison {unknown}
 x - a potion of heal wounds {unknown}
Books
 a - a book of Conjurations

   Spells                             Type                      Level
   a - Magic Dart                     Conjuration                  1
   b - Searing Ray                    Conjuration                  2
   c - Dazzling Spray                 Conjuration/Hexes            3
   d - Fulminant Prism                Conjuration/Hexes            4
   e - Iskenderun's Mystic Blast      Conjuration                  4
   f - Iskenderun's Battlesphere      Conjuration/Charms           5
Comestibles
 b - 2 bread rations
 m - a royal jelly
 o - a slice of pizza
 t - 4 meat rations


   Skills:
 - Level 1.7 Dodging
 - Level 1.7 Stealth
 + Level 4.2 Spellcasting
 * Level 7.3 Conjurations


You had 11 spell levels left.
You knew the following spells:

 Your Spells              Type           Power        Failure   Level  Hunger
a - Magic Dart            Conj           ####         1%          1    None
b - Searing Ray           Conj           ####..       1%          2    ##.....


You were on level 4 of the Dungeon.
You worshipped Vehumet.
Vehumet was noncommittal.
You were not hungry.

You visited 2 branches of the dungeon, and saw 5 of its levels.

You collected 186 gold pieces.

.).##.####P.(P♣
#♣.♣......♣P♣♣#
..(##.#..♣.P♣.####P........♣P#
........(.P♣###..#PP♣.....PP♣#
......#..♣######.#..PP..♣♣..♣
......#####......###♣♣♣PP..P#
...............#.####


PPP.P♣# ............##.#....#...♣P## .......#######.#.##.##PP♣## .......#
#.....@...##P.. ......## #.##.#....##.♣# ......# ...####.##♣# ####### #####
#..#.# #....# #.#### ###

Notes
Turn   | Place    | Note
--------------------------------------------------------------
     0 | D:1      | ololoev the Draconian Conjurer began the quest for the Orb.
     0 | D:1      | Reached XP level 1. HP: 14/14 MP: 3/3
   350 | D:1      | Reached XP level 2. HP: 20/20 MP: 3/5
   354 | D:1      | Learned a level 2 spell: Searing Ray
  1557 | D:2      | Reached XP level 3. HP: 22/26 MP: 2/6
  1809 | D:2      | Reached skill level 5 in Conjurations
  1815 | D:2      | Found a bloodstained altar of Trog.
  2132 | D:3      | Found a blossoming altar of Fedhas.
  2139 | D:3      | Reached XP level 4. HP: 31/33 MP: 3/8
  3045 | D:4      | Reached XP level 5. HP: 9/38 MP: 5/9
  3086 | D:4      | Reached skill level 6 in Conjurations
  3523 | D:4      | Found a staircase to the Ecumenical Temple.
  3547 | Temple   | Entered the Ecumenical Temple
  3635 | Temple   | Became a worshipper of Vehumet
  3863 | D:4      | Reached XP level 6. HP: 45/45 MP: 7/11
  3879 | D:4      | Noticed a sky beast
  3889 | D:4      | Killed a sky beast
  4012 | D:4      | Noticed a big kobold
  4058 | D:4      | Killed a big kobold
  4058 | D:4      | Reached skill level 7 in Conjurations
  4308 | D:4      | Noticed Blork the orc
  4319 | D:4      | Killed Blork the orc
  4319 | D:4      | Your scales start taking on a pale cyan-grey colour.
  4319 | D:4      | Reached XP level 7. HP: 43/50 MP: 8/13
  4321 | D:4      | Quit the game

Dungeon Overview and Level Annotations

Branches:
Dungeon (4/15)             Temple (1/1) D:4

Altars:
Ashenzari
Cheibriados
Dithmenos
Elyvilon
Fedhas
Gozag
Kikubaaqudgha
Makhleb
Nemelex Xobeh
Okawaru
Qazlal
Ru
Sif Muna
Trog
Vehumet
Xom
Yredelemnul
Zin
The Shining One


Message History

Blork the orc is nearby!
Blork the orc is nearby!
Blork the orc is nearby!
Casting: Searing Ray
Confirm with . or Enter, or press ? or * to list all spells.
Aiming: Searing Ray
Press: ? - help, Shift-Dir - straight line, f - Blork the orc
Aim: Blork the orc, wielding a war axe of venom and wearing a robe The searing ray hits Blork the orc.
Blork the orc is moderately wounded.
The searing ray hits Blork the orc.
Blork the orc is moderately wounded.
The searing ray hits Blork the orc.
Blork the orc is heavily wounded.
The searing ray hits Blork the orc.
Blork the orc is severely wounded.
Blork the orc closely misses you.
You hit Blork the orc.
Blork the orc is almost dead.
Blork the orc closely misses you.
You barely miss Blork the orc.
Blork the orc is almost dead.
You barely miss Blork the orc.
Blork the orc is almost dead.
Blork the orc looks braver for a moment.
You barely miss Blork the orc.
You tail-slap Blork the orc, but do no damage.
Blork the orc is almost dead.
Blork the orc looks braver for a moment.
You hit Blork the orc.
Blork the orc is poisoned.
Blork the orc is almost dead.
Blork the orc hits you with a war axe of venom.
You hit Blork the orc.
You kill Blork the orc!
Vehumet accepts your kill.
You have reached level 7!
Your scales start taking on a pale cyan-grey colour.
Things that are here:
a war axe of venom; a robe Are you sure you want to abandon this character and quit the game? (Confirm with "yes".)

There were no monsters in sight!

Vanquished Creatures
  A sky beast (D:4)
  A big kobold (D:4)
  Blork the orc (D:4)
  An orc wizard (D:4)
  2 orc priests (D:4)
  An iguana (D:4)
  A worker ant (D:4)
  A hound skeleton (D:4)
  4 adders
  An ooze (D:4)
  2 worms (D:3)
  9 orcs
  9 goblins
  5 hobgoblins
  5 jackals
  A ball python (D:3)
  8 bats
  5 giant cockroaches
  2 giant geckos
  A giant gecko skeleton (D:4)
  4 giant newts
  24 kobolds
  7 rats
96 creatures vanquished.

Action                   |  1- 3 |  4- 6 |  7- 9 || total
-------------------------+-------+-------+-------++-------
Melee: Dagger            |    58 |    83 |       ||   141
 Cast: Magic Dart        |    40 |    44 |       ||    84
       Searing Ray       |     5 |    12 |       ||    17
  Use: Potion            |       |     1 |       ||     1
 Stab: Sleeping          |     1 |     1 |       ||     2
  Eat: Chunk             |     4 |     6 |       ||    10
       Beef jerky        |       |     1 |       ||     1

Vault maps used:
D:1:      dpeg_arrival_rooms_with_view, interstate_on_off, minmay_hedge_maze,
          minivault_11, grunt_decor_arrowhead
D:2:      old_standard_altar
D:3:      fedhas_altar_2
D:4:      kennysheep_kobold_camp, minmay_temple_entry_grid, uniq_blork_the_orc
Temple:   grunt_circular_temple_18
